BSA
GREENVILLE 84S @ TORONTO TITANS
10/28/2025
 
TOP OF THE 1ST
Greenville 84s batting - Pitching for Toronto Titans : LHP Carlos Tavárez
Pitching: LHP Carlos Tavárez
Batting: RHB Carlos Torres 0-0: Ball
1-0: Ball
2-0: Called Strike
2-1: Ground out 2-3 (Groundball, 2L)
Batting: LHB Chris Moore 0-0: Called Strike
0-1: Foul Ball, location: 2F
0-2: Ball
1-2: Foul Ball, location: 2F
1-2: Foul Ball, location: 2F
1-2: DOUBLE (Groundball, 3L)
Batting: RHB Enzo Díaz 0-0: Called Strike
0-1: Called Strike
0-2: 2-RUN HOME RUN (Flyball, 7LD), Distance : 309 ft
Batting: LHB Jimmy Vickers 0-0: Ball
1-0: Called Strike
1-1: Swinging Strike
1-2: Strikes out swinging
Batting: LHB Paco Rosas 0-0: Ground out 4-3 (Groundball, 34)
Top of the 1st over - 2 run(s), 2 hit(s), 0 error(s), 0 left on base; Greenville 2 - Toronto 0
BOTTOM OF THE 1ST
Toronto Titans batting - Pitching for Greenville 84s : RHP Andrés Vázquez
Pitching: RHP Andrés Vázquez
Batting: SHB Álex Rosado 0-0: Ball
1-0: Called Strike
1-1: Called Strike
1-2: Foul Ball, location: 2F
1-2: Ball
2-2: Ball
3-2: Base on Balls
Batting: LHB Lewis Barr 0-0: Called Strike
Álex Rosado steals 2nd base
0-1: Ground out 6-3 (Groundball, 6M)
Álex Rosado to third
Batting: LHB Kent MacDulothe 0-0: Ball
1-0: Called Strike
1-1: Called Strike
1-2: Ball
2-2: Foul Ball, location: 2F
2-2: Fly out, F4 (Popup, 34D)
Batting: LHB José Rodríguez 0-0: SINGLE (Groundball, 34D)
Álex Rosado scores
Batting: RHB Gilberto López 0-0: Ball
1-0: Foul Ball, location: 2F
1-1: Called Strike
1-2: Foul Ball, location: 2F
1-2: SINGLE (Flyball, 8RS)
José Rodríguez to second
Batting: LHB Roberto García 0-0: Foul Ball, location: 2F
0-1: Ball
1-1: Ball
2-1: Called Strike
2-2: Ball
3-2: Foul Ball, location: 2F
3-2: Foul Ball, location: 2F
3-2: Ground out U3 (Groundball, 3S)
Bottom of the 1st over - 1 run(s), 2 hit(s), 0 error(s), 2 left on base; Greenville 2 - Toronto 1
TOP OF THE 2ND
Greenville 84s batting - Pitching for Toronto Titans : LHP Carlos Tavárez
Batting: LHB Kiyonaga Morita 0-0: Called Strike
0-1: Swinging Strike
0-2: Ball
1-2: Strikes out swinging
Batting: LHB Vicente Bueno 0-0: Called Strike
0-1: Foul Ball, location: 2F
0-2: Ball
1-2: DOUBLE (Line Drive, 78D)
Batting: LHB Brock Larsen 0-0: Ball
1-0: Foul Ball, location: 2F
1-1: Called Strike
1-2: Ball
2-2: Fly out, F7 (Flyball, 78M)
Batting: LHB Mario Cornelo 0-0: Called Strike
0-1: Ball
1-1: Foul Ball, location: 2F
1-2: Ball
2-2: Strikes out looking
Top of the 2nd over - 0 run(s), 1 hit(s), 0 error(s), 1 left on base; Greenville 2 - Toronto 1
BOTTOM OF THE 2ND
Toronto Titans batting - Pitching for Greenville 84s : RHP Andrés Vázquez
Batting: RHB Jim Tracy 0-0: Called Strike
0-1: Ball
1-1: Ball
2-1: Called Strike
2-2: Fly out, F3 (Popup, 3DF)
Batting: LHB Greg Schultz 0-0: Called Strike
0-1: Ball
1-1: Foul Ball, location: 2F
1-2: Ball
2-2: Strikes out swinging
Batting: RHB Alberto Velásquez 0-0: Called Strike
0-1: Swinging Strike
0-2: Ball
1-2: Strikes out swinging
Bottom of the 2nd over - 0 run(s), 0 hit(s), 0 error(s), 0 left on base; Greenville 2 - Toronto 1
TOP OF THE 3RD
Greenville 84s batting - Pitching for Toronto Titans : LHP Carlos Tavárez
Batting: RHB Carlos Torres 0-0: Called Strike
0-1: Ball
1-1: Swinging Strike
1-2: Strikes out swinging wild pitch, reaches first!
Batting: LHB Chris Moore 0-0: Called Strike
0-1: Ball
1-1: Foul Ball, location: 2F
1-2: Strikes out swinging
Batting: RHB Enzo Díaz 0-0: Called Strike
0-1: Foul Ball, location: 2F
0-2: Ball
1-2: Ball
2-2: Ball
3-2: DOUBLE (Line Drive, 78D)
Carlos Torres to third
Batting: LHB Jimmy Vickers 0-0: Ball
1-0: Fly out, F7 (Flyball, 78S)
Runner from 3rd tags up, SCORES, throw made
Batting: LHB Paco Rosas 0-0: Swinging Strike
0-1: Ball
1-1: Ball
2-1: Foul Ball, location: 2F
2-2: Fly out, F3 (Line Drive, 34)
Top of the 3rd over - 1 run(s), 1 hit(s), 0 error(s), 1 left on base; Greenville 3 - Toronto 1
BOTTOM OF THE 3RD
Toronto Titans batting - Pitching for Greenville 84s : RHP Andrés Vázquez
Batting: SHB Álex Rosado 0-0: Ball
1-0: Ball
2-0: Foul Ball, location: 2F
2-1: Ground out 6-3 (Groundball, 6)
Batting: LHB Lewis Barr 0-0: Ball
1-0: Called Strike
1-1: Fly out, F7 (Line Drive, 7M)
Batting: LHB Kent MacDulothe 0-0: Ball
1-0: Called Strike
1-1: Called Strike
1-2: Strikes out looking
Bottom of the 3rd over - 0 run(s), 0 hit(s), 0 error(s), 0 left on base; Greenville 3 - Toronto 1
TOP OF THE 4TH
Greenville 84s batting - Pitching for Toronto Titans : LHP Carlos Tavárez
Batting: LHB Kiyonaga Morita 0-0: Called Strike
0-1: Foul Ball, location: 2F
0-2: Foul Ball, location: 2F
0-2: Strikes out looking
Batting: LHB Vicente Bueno 0-0: Ground out 4-3 (Groundball, 4M)
Batting: LHB Brock Larsen 0-0: Called Strike
0-1: Ball
1-1: Ball
2-1: Foul Ball, location: 2F
2-2: SINGLE (Line Drive, 4MD)
Batting: LHB Mario Cornelo 0-0: Ground out 4-3 (Groundball, 4)
Top of the 4th over - 0 run(s), 1 hit(s), 0 error(s), 1 left on base; Greenville 3 - Toronto 1
BOTTOM OF THE 4TH
Toronto Titans batting - Pitching for Greenville 84s : RHP Andrés Vázquez
Batting: LHB José Rodríguez 0-0: Ball
1-0: DOUBLE (Line Drive, 9D)
Batting: RHB Gilberto López 0-0: Foul Ball, location: 2F
0-1: Ball
1-1: Called Strike
1-2: SINGLE (Groundball, 6D)
José Rodríguez to third
Batting: LHB Roberto García 0-0: Called Strike
0-1: Swinging Strike
0-2: Fielders Choice at 2nd, 1-6 (Groundball, 15)
Batting: RHB Jim Tracy 0-0: Called Strike
0-1: Foul Ball, location: 2F
0-2: Foul Ball, location: 2F
0-2: Ball
1-2: Ball
2-2: Reached on error, E5 (Groundball, 56)
José Rodríguez scores
Roberto García to second
Batting: LHB Greg Schultz 0-0: Called Strike
0-1: Foul Ball, location: 2F
0-2: Fielders Choice at 2nd, 3-6 (Groundball, 3)
Roberto García to third
Batting: RHB Alberto Velásquez 0-0: Called Strike
0-1: Ball
1-1: Swinging Strike
1-2: Foul Ball, location: 2F
1-2: Ball
2-2: Ball
3-2: SINGLE (Groundball, 3D)
Roberto García scores
Greg Schultz to second
Greg Schultz to third
Batting: SHB Álex Rosado 0-0: Called Strike
0-1: Ball
1-1: SINGLE (Line Drive, 4MD)
Greg Schultz scores
Alberto Velásquez to second
Batting: LHB Lewis Barr 0-0: Ball
1-0: Ball
2-0: Foul Ball, location: 2F
2-1: Called Strike
2-2: Foul Ball, location: 2F
2-2: Ball
3-2: SINGLE (Line Drive, 56D)
Alberto Velásquez to third
Álex Rosado to second
Alberto Velásquez scores
Álex Rosado to third
Batting: LHB Kent MacDulothe 0-0: Ball
1-0: Swinging Strike
1-1: SINGLE (Groundball, 34D)
Álex Rosado scores
Lewis Barr to second
Runner from 2nd tries for 3rd, SAFE, throw made to third
Batting: LHB José Rodríguez 0-0: Called Strike
0-1: Ball
1-1: Fly out, F8 (Popup, 8LS)
Bottom of the 4th over - 5 run(s), 6 hit(s), 1 error(s), 2 left on base; Greenville 3 - Toronto 6
TOP OF THE 5TH
Greenville 84s batting - Pitching for Toronto Titans : LHP Carlos Tavárez
Batting: RHB Carlos Torres 0-0: Swinging Strike
0-1: Bunted foul
0-2: Strikes out swinging
Batting: LHB Chris Moore 0-0: Swinging Strike
0-1: Ground out 5-3 (Groundball, 5S)
Batting: RHB Enzo Díaz 0-0: Ball
1-0: Foul Ball, location: 2F
1-1: Ball
2-1: Fly out, F8 (Flyball, 8RD)
Top of the 5th over - 0 run(s), 0 hit(s), 0 error(s), 0 left on base; Greenville 3 - Toronto 6
BOTTOM OF THE 5TH
Toronto Titans batting - Pitching for Greenville 84s : RHP Andrés Vázquez
Pitching: LHP Darrell Harding
Batting: RHB Gilberto López 0-0: Foul Ball, location: 2F
0-1: Ball
1-1: Foul Ball, location: 2F
1-2: Ball
2-2: SINGLE (Groundball, 56D)
Batting: LHB Roberto García 0-0: Fly out, F6 (Popup, 6)
Batting: RHB Jim Tracy 0-0: Ball
1-0: Ball
2-0: Ball
3-0: Called Strike
3-1: Called Strike
3-2: Foul Ball, location: 2F
3-2: Ground out 4-3 (Groundball, 4)
Gilberto López to second
Batting: LHB Greg Schultz 0-0: Ball
1-0: Ball
2-0: Ball
3-0: Base on Balls
Batting: RHB Alberto Velásquez 0-0: Called Strike
0-1: Ball
1-1: Called Strike
1-2: Strikes out looking
Bottom of the 5th over - 0 run(s), 1 hit(s), 0 error(s), 2 left on base; Greenville 3 - Toronto 6
TOP OF THE 6TH
Greenville 84s batting - Pitching for Toronto Titans : LHP Carlos Tavárez
Batting: LHB Jimmy Vickers 0-0: Ball
1-0: Foul Ball, location: 2F
1-1: Ball
2-1: Swinging Strike
2-2: Foul Ball, location: 2F
2-2: Strikes out swinging
Batting: LHB Paco Rosas 0-0: Foul Ball, location: 2F
0-1: DOUBLE (Line Drive, 9D)
Batting: LHB Kiyonaga Morita 0-0: Ball
1-0: Ball
2-0: Called Strike
2-1: Ball
3-1: Base on Balls
Pitching: RHP José Gonzáles
Batting: LHB Vicente Bueno 0-0: SINGLE (Groundball, 4MD)
Paco Rosas to third
Kiyonaga Morita to second
Runner from 3rd tries for Home, SAFE, no throw or cutoff
Batting: LHB Brock Larsen 0-0: Ball
1-0: Called Strike
1-1: Swinging Strike
1-2: Fielders Choice at 2nd, 6-4 (Groundball, 6)
Kiyonaga Morita to third
Batting: LHB Mario Cornelo 0-0: Called Strike
0-1: Foul Ball, location: 2F
0-2: Foul Ball, location: 2F
0-2: TRIPLE (Groundball, 3D)
Kiyonaga Morita scores
Brock Larsen scores
Batting: RHB Carlos Torres 0-0: Foul Ball, location: 2F
0-1: Called Strike
0-2: Ball
1-2: DOUBLE (Line Drive, 78D)
Mario Cornelo scores
Batting: LHB Chris Moore 0-0: Ball
1-0: Called Strike
1-1: Foul Ball, location: 2F
1-2: Ball
2-2: Strikes out swinging
Top of the 6th over - 4 run(s), 4 hit(s), 0 error(s), 1 left on base; Greenville 7 - Toronto 6
BOTTOM OF THE 6TH
Toronto Titans batting - Pitching for Greenville 84s : LHP Darrell Harding
Batting: SHB Álex Rosado 0-0: Called Strike
0-1: Swinging Strike
0-2: Strikes out swinging
Batting: LHB Lewis Barr 0-0: Ball
1-0: Swinging Strike
1-1: Ball
2-1: SINGLE (Groundball, 4MD)
Batting: LHB Kent MacDulothe 0-0: Ball
1-0: Called Strike
1-1: Ball
2-1: DOUBLE (Flyball, 8LXD)
Lewis Barr to third
Batting: LHB José Rodríguez 0-0: Foul Ball, location: 2F
0-1: Ball
1-1: Foul Ball, location: 2F
1-2: Strikes out swinging
Batting: RHB Gilberto López 0-0: SINGLE (Line Drive, 8LS)
Lewis Barr scores
Kent MacDulothe to third
Runner from 3rd tries for Home, SAFE, no throw or cutoff
Batting: LHB Roberto García 0-0: Ball
1-0: Ball
2-0: Called Strike
2-1: Ground out U3 (Groundball, 3L)
Bottom of the 6th over - 2 run(s), 3 hit(s), 0 error(s), 1 left on base; Greenville 7 - Toronto 8
TOP OF THE 7TH
Greenville 84s batting - Pitching for Toronto Titans : RHP José Gonzáles
Batting: RHB Enzo Díaz 0-0: Ball
1-0: Ball
2-0: Ball
3-0: Called Strike
3-1: Base on Balls
Pitching: LHP Braydon Schute
Batting: LHB Jimmy Vickers 0-0: Ball
1-0: Called Strike
1-1: Ball
2-1: Ball
3-1: Base on Balls
Enzo Díaz to second
Batting: LHB Paco Rosas 0-0: Ball
1-0: Called Strike
1-1: Ground out 5-3 (Groundball, 56S)
Enzo Díaz to third
Jimmy Vickers to second
Batting: LHB Kiyonaga Morita 0-0: Ball
1-0: Called Strike
1-1: Foul Ball, location: 2F
1-2: Ball
2-2: Ball
3-2: Base on Balls
Pinch Hitting: RHB Greg Handrahan 0-0: Called Strike
0-1: Ball
1-1: DOUBLE (Groundball, 5L)
Enzo Díaz scores
Jimmy Vickers scores
Kiyonaga Morita to third
Pinch Hitting: RHB Vic Langlois 0-0: Intentional Walk
Pitching: LHP Steve Paredes
Pinch Hitting: RHB Felipe Rodríguez 0-0: Called Strike
0-1: Fly out, F8 (Flyball, 78M)
Runner from 3rd tags up, SCORES, throw made
Batting: RHB Carlos Torres 0-0: Ball
1-0: Ball
2-0: Foul Ball, location: 2F
2-1: Swinging Strike
2-2: Strikes out swinging
Top of the 7th over - 3 run(s), 1 hit(s), 0 error(s), 2 left on base; Greenville 10 - Toronto 8
BOTTOM OF THE 7TH
Toronto Titans batting - Pitching for Greenville 84s : LHP Darrell Harding
Pitching: RHP Dave Smith
Now at 2B: Jorge Cisneros
Now at SS: Vic Langlois
Now in CF: Greg Handrahan
Batting: RHB Jim Tracy 0-0: Called Strike
0-1: Foul Ball, location: 2F
0-2: Ball
1-2: Ball
2-2: Ground out 5-3 (Groundball, 5S)
Batting: LHB Greg Schultz 0-0: SINGLE (Groundball, 56D)
Batting: RHB Alberto Velásquez 0-0: Swinging Strike
0-1: Foul Ball, location: 2F
0-2: Foul Ball, location: 2F
0-2: Strikes out swinging
Batting: SHB Álex Rosado 0-0: Foul Ball, location: 2F
0-1: DOUBLE (Line Drive, 7LS)
Greg Schultz to third
Batting: LHB Lewis Barr 0-0: Ball
1-0: Ball
2-0: Foul Ball, location: 2F
2-1: SINGLE (Groundball, 3D)
Greg Schultz scores
Álex Rosado to third
Runner from 3rd tries for Home, SAFE, no throw or cutoff
Batting: LHB Kent MacDulothe 0-0: Ball
1-0: Ball
2-0: Ball
3-0: Foul Ball, location: 2F
3-1: Called Strike
3-2: Ground out 3-1 (Groundball, 34)
Bottom of the 7th over - 2 run(s), 3 hit(s), 0 error(s), 1 left on base; Greenville 10 - Toronto 10
TOP OF THE 8TH
Greenville 84s batting - Pitching for Toronto Titans : LHP Steve Paredes
Batting: LHB Chris Moore 0-0: Called Strike
0-1: Foul Ball, location: 2F
0-2: Ball
1-2: Ball
2-2: Ground out 1-3 (Groundball, 13)
Batting: RHB Enzo Díaz 0-0: Ground out 5-3 (Groundball, 56)
Batting: LHB Jimmy Vickers 0-0: Called Strike
0-1: Fly out, F5 (Popup, 56S)
Top of the 8th over - 0 run(s), 0 hit(s), 0 error(s), 0 left on base; Greenville 10 - Toronto 10
BOTTOM OF THE 8TH
Toronto Titans batting - Pitching for Greenville 84s : RHP Dave Smith
Batting: LHB José Rodríguez 0-0: SOLO HOME RUN (Flyball, 89XD), Distance : 378 ft
Pitching: RHP Pierre Deschênes
Batting: RHB Gilberto López 0-0: Fly out, F8 (Flyball, 8LXD)
Batting: LHB Roberto García 0-0: Ground out 4-3 (Groundball, 4)
Batting: RHB Jim Tracy 0-0: Ball
1-0: Ball
2-0: Ball
3-0: Called Strike
3-1: SOLO HOME RUN (Flyball, 9LD), Distance : 309 ft
Batting: LHB Greg Schultz 0-0: Fly out, F8 (Flyball, 8RS)
Bottom of the 8th over - 2 run(s), 2 hit(s), 0 error(s), 0 left on base; Greenville 10 - Toronto 12
TOP OF THE 9TH
Greenville 84s batting - Pitching for Toronto Titans : LHP Steve Paredes
Pitching: LHP Santiago González
Batting: LHB Paco Rosas 0-0: Ball
1-0: Ball
2-0: Foul Ball, location: 2F
2-1: SINGLE (Line Drive, 9S)
Batting: LHB Kiyonaga Morita 0-0: Swinging Strike
0-1: Foul Ball, location: 2F
0-2: Ball
1-2: Fly out, F8 (Flyball, 8LS)
Batting: RHB Greg Handrahan 0-0: Called Strike
0-1: Called Strike
0-2: Strikes out looking
Batting: RHB Vic Langlois 0-0: Called Strike
0-1: Foul Ball, location: 2F
0-2: Ball
1-2: Strikes out swinging
Top of the 9th over - 0 run(s), 1 hit(s), 0 error(s), 1 left on base; Greenville 10 - Toronto 12
This league is powered by Out of the Park Baseball, the baseball management simulation game for PC, Mac and Linux
Tuesday, August 2nd, 2016 - OOTP Baseball 16.8 Build 38